 Dungeon Crawl Stone Soup version 0.29.1 (webtiles) character file.

Game seed: 13809378498278514615

72 Powertoast the Slasher (level 4, 0/39 HPs)
             Began as a Minotaur Monk on Sept 13, 2022.
             Succumbed to a gnoll's poison
             ... on level 1 of the Dungeon.
             The game lasted 00:04:30 (2078 turns).

Powertoast the Slasher (Minotaur Monk)              Turns: 2078, Time: 00:04:33

Health: 0/39       AC:  3    Str: 15    XL:     4   Next: 7%
Magic:  3/3        EV: 12    Int:  7    God:
Gold:   93         SH:  0    Dex: 15    Spells: 3/3 levels left

rFire   . . .      SeeInvis .   a - +0 falchion
rCold   . . .      Faith    .   (no shield)
rNeg    . . .      Spirit   .   d - +0 leather armour
rPois   .          Reflect  .   (helmet restricted)
rElec   .          Harm     .   (no cloak)
rCorr   .          Rampage  .   (no gloves)
Will    .....                   (no boots)
Stlth   ++........              (no amulet)
HPRegen 0.13/turn               (no ring)
MPRegen 0.08/turn               (no ring)

@: lethally poisoned (0 -> -21)
A: horns 2, retaliatory headbutt
a: no special abilities


You were on level 1 of the Dungeon.
You visited 1 branch of the dungeon, and saw 2 of its levels.

You collected 93 gold pieces.

Inventory:

Hand Weapons
 a - a +0 falchion (weapon)
 e - a +0 antimagic short sword
 i - a +2 short sword of flaming
Armour
 d - a +0 leather armour (worn)
Jewellery
 j - a ring of ice
Scrolls
 f - a scroll of enchant weapon
 h - a scroll of amnesia {unknown}
 k - a scroll of magic mapping {unknown}
Potions
 b - a potion of attraction {unknown}
 c - 3 potions of ambrosia
 g - a potion of curing


   Skills:
 - Level 3.6 Fighting
 + Level 6.0 Long Blades
 - Level 3.2 Dodging
 - Level 1.5 Stealth


You had 3 spell levels left.
You didn't know any spells.
Your spell library was empty.

Dungeon Overview and Level Annotations

Branches:
Dungeon (2/15)

Altars:


Innate Abilities, Weirdness & Mutations

You have a pair of horns on your head.
You reflexively headbutt those who attack you in melee.


Message History

You barely miss the gnoll. The gnoll hits you with a +0 spear!
* * * LOW HITPOINT WARNING * * *
You hit the gnoll. You headbutt the gnoll!
You kill the gnoll!
A gnoll comes into view. It is wielding a +0 club.
Your Long Blades skill increases to level 6!
You have reached level 4!
You feel agile.
You see here a rat corpse.
The gnoll shouts!
You hear a shout!
There is a stone staircase leading up here.
You climb upwards.
There is a stone staircase leading down here.
You start resting.
HP restored.
You climb downwards.
There is a stone staircase leading up here.
The gnoll hits you with a +1 spear of venom.
You hit the gnoll but do no damage.
The gnoll hits you with a +1 spear of venom.
You are poisoned.
You hit the gnoll.
The gnoll is lightly wounded.
You feel very sick.
The gnoll hits you with a +1 spear of venom.
You are more poisoned.
You hit the gnoll but do no damage. Your headbutt misses the gnoll.
The gnoll is lightly wounded.
You feel very sick.
You feel sick. The gnoll closely misses you.
You feel very sick.
There is a stone staircase leading up here.
You feel sick.
The gnoll hits you from afar with a +1 spear of venom.
* * * LOW HITPOINT WARNING * * *
You are lethally poisoned!
The gnoll hits you with a +0 whip.
* * * LOW HITPOINT WARNING * * *
You climb upwards.
You die...

################################
#.....................†.........
#.########..........############
#.# #..........# ##### #.#
#..........# #...# #.#
#..........# #..†# #.#
#..........# #...# #.#
#..........# #...# #.#
#[....@....# #...# ### #.#
#.....g....# #...###.. #.#
#..........####.......# #.#
#...........##....##### #.#
#...........##.##....# #.#
######...##..#.##....# #.#
#......##...##....## #.#
#....#.#######...... #.#
#....#.# #....##


You could see a gnoll.

Vanquished Creatures
  A gnoll (D:2)
  An adder (D:2)
  A worm (D:2)
  2 ball pythons
  An endoplasm (D:1)
  A giant cockroach (D:1)
  5 goblins
  5 hobgoblins
  3 jackals (D:1)
  7 kobolds
  4 quokkas (D:1)
  7 bats
  3 frilled lizards
  7 rats
48 creatures vanquished.

Notes
Turn   | Place    | Note
-------+----------+-------------------------------------------
     0 | D:1      | Powertoast the Minotaur Monk began the quest for the Orb.
     0 | D:1      | Reached XP level 1. HP: 19/19 MP: 0/0
    70 | D:1      | Reached skill level 4 in Long Blades
   263 | D:1      | Reached XP level 2. HP: 21/26 MP: 1/1
   687 | D:1      | Reached skill level 5 in Long Blades
   829 | D:1      | Reached XP level 3. HP: 28/31 MP: 0/2
  1789 | D:2      | Found a faded altar of an unknown god.
  1823 | D:2      | Reached skill level 6 in Long Blades
  1823 | D:2      | Reached XP level 4. HP: 7/39 MP: 3/3
  2078 | D:1      | Succumbed to a gnoll's poison

Illustrated notes

Levels and vault maps discovered:
D:1:      evilmike_arrival_hilbert_curve, layout_basic, chequers_jeans
D:2:      layout_rooms, serial_shops, shop,
          shapermc_ecumenical_altar_mp_highgroup

Skill      XL: |  1  2  3 |
---------------+----------+-----
Long Blades    | 4 5 6 |  6.0
Fighting       | |  3.6
Dodging        | |  3.2
Stealth        | |  1.5

Action                   |  1- 3 |  4- 6 || total
-------------------------+-------+-------++-------
Melee: Falchion          |    40 |     3 ||    43
       Headbutt          |    17 |       ||    17
       Short sword       |    65 |       ||    65
       Punch             |     1 |       ||     1
  Use: Scroll            |     3 |       ||     3
 Stab: Distracted        |     2 |       ||     2
       Sleeping          |     3 |       ||     3
Armor: Robe              |    13 |       ||    13
       Leather armour    |     8 |       ||     8
Dodge: Dodged            |    77 |     1 ||    78
